 Dungeon Crawl Stone Soup version 0.21.1-1-g345015f (webtiles) character file.

72 Iko the Vexing (level 4, 0/40 HPs)
             Began as a Troll Enchanter on May 4, 2018.
             Was an Initiate of Makhleb.
             Slain by a slave (10 damage)
             ... led by Pikel
             ... on level 4 of the Dungeon.
             The game lasted 00:07:43 (702 turns).

Iko the Vexing (Troll Enchanter)                     Turns: 702, Time: 00:07:43

Health: 0/40       AC:  5    Str: 16    XL:     4   Next: 6%
Magic:  2/5        EV: 10    Int: 11    God:    Makhleb [......]
Gold:   34         SH:  0    Dex: 11    Spells: 2/5 levels left

rFire    . . .     SeeInvis .   a - +1 dagger
rCold    . . .     Gourm    +   (no shield)
rNeg     . . .     Faith    .   e - +0 robe (curse)
rPois    .         Spirit   .   (helmet restricted)
rElec    .         Reflect  .   (no cloak)
rCorr    .         Harm     .   (gloves unavailable)
MR       .....                  (boots unavailable)
Stlth    ++........             (no amulet)
HPRegen  0.53/turn              (no ring)
MPRegen  0.09/turn              (no ring)

@: no status effects
A: large, unfitting armour, claws 3, fast metabolism 3, gourmand, regeneration
1, shaggy fur 1, tough skin 2
a: Renounce Religion


You were on level 4 of the Dungeon.
You worshipped Makhleb.
Makhleb was noncommittal.
You were hungry.

You visited 1 branch of the dungeon, and saw 4 of its levels.

You collected 34 gold pieces.

Inventory:

Hand Weapons
 a - a +1 dagger (weapon)
Missiles
 h - 2 throwing nets (quivered)
Armour
 b - a +0 robe
 e - a cursed +0 robe (worn)
Scrolls
 f - a scroll of immolation
Books
 c - a book of Maledictions

   Spells                             Type                      Level
   a - Corona                         Hexes                        1
   b - Ensorcelled Hibernation        Hexes/Ice                    2
   c - Confuse                        Hexes                        3
   d - Tukima's Dance                 Hexes                        3
   e - Dazzling Spray                 Conjuration/Hexes            3
Comestibles
 d - a ration


   Skills:
 + Level 0.3 Fighting
 + Level 1.4 Short Blades
 + Level 2.1 Dodging
 + Level 2.0 Stealth
 + Level 1.3 Spellcasting
 + Level 2.3 Hexes


You had 2 spell levels left.
You knew the following spells:

 Your Spells              Type           Power        Failure   Level  Hunger
a - Dazzling Spray        Conj/Hex       #.....       50%         3    ####...


Dungeon Overview and Level Annotations

Branches:
Dungeon (4/15)
 Temple: D:4-7

Altars:
Makhleb

Annotations:
D:4 Pikel


Innate Abilities, Weirdness & Mutations

You are too large for most types of armour.
You have claws for hands.
Your metabolism is lightning-fast.
You like to eat raw meat.
Your natural rate of healing is unusually fast.
You are covered in fur. (AC +1)
You have very tough skin. (AC +2)


Message History

You hit the slave.
The slave is moderately wounded.
The slave barely misses you.
You closely miss the slave.
The slave is moderately wounded.
The slave hits you but does no damage.
You closely miss the slave.
The slave is moderately wounded.
The slave hits you.
You hit the slave but do no damage.
The slave is moderately wounded.
The slave hits you!
* * * LOW HITPOINT WARNING * * *
You hit the slave.
The slave is moderately wounded.
The slave barely misses you.
You closely miss the slave.
The slave is moderately wounded.
The slave hits you!
You die...

##...##.....# #.##.
##.#.#.# #.# #....
###.....###.######...
+....................
###.p...###.#####....
#pKp......# #.#..
##s######## #.##. #p#
#.##. #@# #.### #.#
#.# #.# #.# ..# ###


You could see Pikel, 4 slaves and a scorpion.

Vanquished Creatures
  A hound (D:3)
  2 adders
  2 dart slugs
  4 bats
  4 giant cockroaches (D:3)
  3 hobgoblins
  2 frilled lizards
  2 kobolds (D:3)
  A rat (D:1)
21 creatures vanquished.

Notes
Turn   | Place    | Note
-------+----------+-------------------------------------------
     0 | D:1      | Iko the Troll Enchanter began the quest for the Orb.
     0 | D:1      | Reached XP level 1. HP: 16/16 MP: 1/1
   117 | D:2      | Reached XP level 2. HP: 13/24 MP: 2/2
   294 | D:3      | Reached skill level 1 in Short Blades
   294 | D:3      | Reached XP level 3. HP: 30/31 MP: 3/3
   390 | D:3      | Found a burning altar of Makhleb.
   401 | D:3      | Became a worshipper of Makhleb the Destroyer
   481 | D:3      | Learned a level 3 spell: Dazzling Spray
   510 | D:3      | Reached XP level 4. HP: 38/39 MP: 1/5
   662 | D:4      | Noticed a slave
   663 | D:4      | Noticed a slave
   663 | D:4      | Noticed Pikel
   665 | D:4      | Noticed a slave
   689 | D:4      | Noticed a slave
   702 | D:4      | Slain by a slave

Skill      XL: |  1  2  3 |
---------------+----------+-----
Short Blades   | 1 |  1.4
Dodging        | 2 |  2.1
Stealth        | 2 |  2.0
Fighting       | |  0.3
Spellcasting   | |  1.3
Hexes          | |  2.3

Action                   |  1- 3 |  4- 6 || total
-------------------------+-------+-------++-------
Melee: Dagger            |   117 |    32 ||   149
 Cast: Corona            |     3 |       ||     3
       Dazzling Spray    |     1 |     1 ||     2
  Use: Scroll            |     3 |       ||     3
       Potion            |       |     1 ||     1
 Stab: Sleeping          |     1 |       ||     1
  Eat: Ration            |     1 |       ||     1
Armor: Robe              |    43 |     8 ||    51
Dodge: Dodged            |    78 |    24 ||   102
